 Dungeon Crawl Stone Soup version 0.30-b1-2-g02819fbbbe (webtiles) character file.

Game seed: 13244846565893341879

11 Alarkh the Shooter (level 2, 11/23 HPs)
             Began as a Demonspawn Hunter on July 11, 2023.
             Got out of the dungeon alive.
             The game lasted 00:00:43 (93 turns).

Alarkh the Shooter (Demonspawn Hunter)                Turns: 93, Time: 00:00:44

Health: 11/23      AC:  3    Str: 11    XL:     2   Next: 17%
Magic:  2/2        EV: 11    Int: 10    God:
Gold:   29         SH:  0    Dex: 16    Spells: 1/1 levels left

rFire   . . .        a - +0 shortbow
rCold   . . .        (shield currently unavailable)
rNeg    . . .        c - +0 leather armour
rPois   .            (no helmet)
rElec   .            (no cloak)
rCorr   .            (no gloves)
SInv    .            (no boots)
Will    .....        (no amulet)
Stlth   +            (no ring)
HPRegen 0.23/turn    (no ring)
MPRegen 0.08/turn

%: no passive effects
@: no status effects
A: foul stench 1
a: no special abilities


You escaped.
You visited 1 branch of the dungeon, and saw 1 of its levels.

You collected 29 gold pieces.

Inventory:

Hand Weapons
 a - a +0 shortbow (weapon)
Armour
 c - a +0 leather armour (worn)


   Skills:
 + Level 2.3 Fighting
 * Level 4.0 Ranged Weapons
 - Level 1.7 Dodging
 - Level 0.8 Stealth


You had one spell level left.
You didn't know any spells.
Your spell library was empty.

Dungeon Overview and Level Annotations

Branches:
Dungeon (1/15)

Altars:


Innate Abilities, Weirdness & Mutations

You may rarely emit foul miasma when damaged in melee.


Message History

The gnoll is lightly wounded.
You shoot an arrow. The arrow closely misses the gnoll.
You shoot an arrow. The arrow barely misses the gnoll.
The gnoll barely misses you.
You shoot an arrow.
The arrow hits the gnoll but does no damage.
The gnoll barely misses you.
The gnoll hits you from afar with a +0 spear.
You shoot an arrow. The arrow completely misses the gnoll.
The gnoll hits you from afar with a +0 spear.
You shoot an arrow.
The arrow hits the gnoll but does no damage.
The gnoll hits you from afar with a +0 spear.
Really read the scroll of immolation?
As you read the scroll of immolation, it crumbles to dust.
The creatures around you are filled with an inner flame!
The gnoll hits you from afar with a +0 spear.
* * * LOW HITPOINT WARNING * * *
Fire: a) +0 shortbow
Press: ? - help, Q - select action Shift-Dir - straight line, f/p - gnoll
Aim: a gnoll, wielding a +0 spear (inner flame, 65% to hit)
You shoot an arrow. The arrow hits the gnoll.
Flame seeps out of the gnoll.
The gnoll is lightly wounded.
The gnoll is engulfed in blazing flames.
Flame seeps out of the gnoll.
The gnoll barely misses you.
The gnoll is engulfed in blazing flames.
The gnoll explodes!
Your Ranged Weapons skill increases to level 4!
You have reached level 2!
Your demonic ancestry asserts itself...
You begin to emit a foul stench of rot and decay.
Unknown command.
You see here a +0 robe.
You see here a ball python corpse.
Things that are here:
a +0 club; a kobold corpse
There is a stone staircase leading down here.
There is a staircase leading out of the dungeon here.
Are you sure you want to leave the Dungeon?
This will make you lose the game!
You have escaped!

#.........##..######
####......###>.....#
###############.#
#.......# ##########
##.#######
.........####....#
.........##...##.#
.........#..####.#
.......@...## #.#
....8....### #.#
...♣.....# #.#
.........# ..#
.........# ###
.........#
##########


There were no monsters in sight!

Vanquished Creatures
  A gnoll (D:1)
  A ball python (D:1)
  A frilled lizard (D:1)
  A kobold (D:1)
4 creatures vanquished.

Notes
Turn   | Place    | Note
-------+----------+-------------------------------------------
     0 | D:1      | Alarkh the Demonspawn Hunter began the quest for the Orb.
     0 | D:1      | Reached XP level 1. HP: 16/16 MP: 1/1
    65 | D:1      | Reached skill level 4 in Ranged Weapons
    65 | D:1      | Gained mutation: You may rarely emit foul miasma when
                  | damaged in melee. [demonic ancestry]
    65 | D:1      | Reached XP level 2. HP: 5/23 MP: 2/2
    93 | D:$      | Got out of the dungeon alive.

Illustrated notes

Levels and vault maps discovered:
D:1:      wander_arrival_lonely_grave, layout_basic,
          nicolae_concentric_dashed_squares_mild

Skill      XL: |  1 |
---------------+----+-----
Ranged Weapons | 4 |  4.0
Fighting       | |  2.3
Dodging        | |  1.7
Stealth        | |  0.8

Action                     || total
---------------------------++-------
   Fire: Shortbow          ||    17
    Use: Scroll            ||     1
  Dodge: Dodged            ||     5
